Map: Bridgehead LE (Void)

Players

wabbajack - Winner!

  • Race: Zerg Zerg
  • League: Grandmaster

VOD

Have the link to the VOD?

Description

Time

  • Played on: July 15, 2015, 11:39 a.m.
  • Length: 5:13
Show
View Real Time Build Order
Export as new Build Order

wabbajack Zerg - Winner!

Build Orders: Hatch First, Ravager All-In 

Get SALT Encoding   

  12  0:03  Drone  
  12  0:13  Overlord  
  12  0:18  Drone  
  12  0:24  Drone, Extractor  
  12  0:32  Drone  
  12  0:36  Drone  
  12  0:55  Hatchery  
  12  1:00  Drone  
  12  1:01  Drone  
  12  1:05  Extractor  
  12  1:09  Drone  
  12  1:21  Spawning Pool  
  12  1:24  Drone  
  12  1:30  Drone  
  12  1:40  Overlord  
  12  1:54  Drone  
  12  2:01  Drone  
  12  2:09  Queen  
  12  2:10  Queen  
  12  2:11  Metabolic Boost  
  12  2:16  Zergling x2  
  12  2:17  Drone  
  12  2:19  Drone  
  12  2:27  Drone  
  12  2:28  Drone  
  12  2:34  Overlord  
  12  2:44  Drone, Queen  
  12  2:54  Roach Warren  
  12  2:59  Extractor  
  12  3:02  Overlord  
  12  3:03  Overlord  
  12  3:05  Drone x2  
  12  3:09  Drone  
  12  3:35  Roach  
  12  3:36  Roach x4  
  12  3:39  Roach  
  12  3:40  Roach x3  
  12  3:44  Overlord  
  12  4:08  Zergling x14  
  12  4:09  Zergling x2  
  12  4:15  Overlord  
  12  4:28  Zergling x16  
  12  4:39  Ravager  
  12  4:40  Ravager x4  
  12  4:45  Overlord  
Tags
 
Add a new tag
Caveats
  • Supply blocks, unpowered buildings, or Contaminate may cause inaccurate times.
  • Supply counts are checked every 10 seconds.